 Dungeon Crawl Stone Soup version 0.28-a0-983-g1de4e0787c (webtiles) character file.

Game seed: 16454163809870059892

125811 vineage the Warrior (level 16, -36/114 HPs)
             Began as a Gargoyle Fighter on Dec 2, 2021.
             Was a High Priest of Okawaru.
             Annihilated by a naga warrior (40 damage)
             ... on level 4 of the Snake Pit.
             The game lasted 00:44:08 (31238 turns).

vineage the Warrior (Gargoyle Fighter)             Turns: 31238, Time: 00:44:09

Health: -36/114    AC: 31    Str: 21    XL:     16   Next: 96%
Magic:  18/22      EV: 11    Int: 13    God:    Okawaru [*****.]
Gold:   3843       SH: 23    Dex: 26    Spells: 15/15 levels left

rFire   + . .      SeeInvis .   O - +7 morningstar of Lohygg {vamp, Fragile rC++ rN+}
rCold   + + +      Faith    .   Q - +1 kite shield of the Imp {Int+3}
rNeg    + + +      Spirit   .   H - +0 scale mail of Fallacy {rN+ Dex+5}
rPois   ∞          Reflect  +   B - +2 hat {Will+}
rElec   +          Harm     .   K - scarf {repulsion}
rCorr   .          Rampage  .   S - +0 pair of gloves {hurl}
Will    +++..      Rage     1%  y - +2 pair of boots {Stlth+}
Stlth   +++.......              L - amulet of reflection
HPRegen 0.29/turn               N - ring of Duxeimue {rF+ rC+ Will+}
MPRegen 0.18/turn               M - +6 ring of dexterity

@: about to teleport, heroic, finesse-ful, flying, constricted, repel missiles
A: sickness immunity, AC +12, big wings, negative energy resistance 1,
electricity resistance, torment resistance 1, petrification resistance, berserk
1
a: Renounce Religion, Heroism, Finesse, Duel


You were on level 4 of the Snake Pit.
You worshipped Okawaru.
Okawaru was extremely pleased with you.
You visited 5 branches of the dungeon, and saw 25 of its levels.

You collected 4507 gold pieces.
You spent 664 gold pieces at shops.

Inventory:

Hand Weapons
 i - the +6 mace "Nianwaeth" {freeze, Fragile rF++ Str+3 Int+4}
   (Okawaru gifted it to you on level 1 of the Orcish Mines)

   It freezes those it strikes, dealing additional cold damage.
   It can also slow down cold-blooded creatures.
   Str:       It affects your strength (+3).
   Int:       It affects your intelligence (+4).
   rF:        It greatly protects you from fire.
   Fragile:   It will be destroyed if unequipped.
 O - the +7 morningstar of Lohygg (weapon) {vamp, Fragile rC++ rN+}
   (You found it on level 11 of the Dungeon)

   It occasionally heals its wielder for a portion of the damage dealt when it
   wounds a living foe.
   rC:        It greatly protects you from cold.
   rN:        It protects you from negative energy.
   Fragile:   It will be destroyed if unequipped.
Missiles
 D - 15 throwing nets (quivered)
Armour
 p - a +0 pair of gloves
 y - a +2 pair of boots of stealth (worn)
 B - a +2 hat of willpower (worn)
 H - the +0 scale mail of Fallacy (worn) {rN+ Dex+5}
   (You bought it in a shop on level 2 of the Orcish Mines)

   Dex:       It affects your dexterity (+5).
   rN:        It protects you from negative energy.
 K - a scarf of repulsion (worn)
 Q - the +1 kite shield of the Imp (worn) {Int+3}
   (Okawaru gifted it to you on level 1 of the Lair of Beasts)

   Int:       It affects your intelligence (+3).
 S - a +0 pair of gloves of hurling (worn)
Jewellery
 h - a ring of ice
 k - a ring of resist corrosion
 r - an amulet of the acrobat
 w - a +4 ring of protection
 L - an amulet of reflection (around neck)
 M - a +6 ring of dexterity (right hand)
 N - the ring of Duxeimue (left hand) {rF+ rC+ Will+}
   (You found it on level 11 of the Dungeon)

   [ring of willpower]

   rF:        It protects you from fire.
   rC:        It protects you from cold.
   Will:      It increases your willpower.
 T - an amulet of faith
 V - an amulet of regeneration
 W - a +6 ring of dexterity
Wands
 f - a wand of digging (4)
 t - a wand of iceblast (8)
 G - a wand of flame (21)
 R - a wand of mindburst (6)
Scrolls
 a - 7 scrolls of identify
 c - 4 scrolls of vulnerability
 e - 7 scrolls of fog
 j - a scroll of enchant weapon
 n - 3 scrolls of teleportation
 o - a scroll of fear
 q - 2 scrolls of magic mapping
 z - 2 scrolls of enchant armour
 A - a scroll of summoning {unknown}
 J - a scroll of silence
 U - a scroll of holy word {unknown}
Potions
 b - 2 potions of brilliance
 d - a potion of invisibility
 g - a potion of magic
 l - 3 potions of cancellation
 m - 3 potions of flight
 u - a potion of might
 v - 8 potions of curing
 x - 6 potions of ambrosia
 C - 4 potions of lignification
 E - 3 potions of berserk rage
 F - a potion of attraction
 I - 4 potions of mutation
 X - a potion of heal wounds
Miscellaneous
 P - a condenser vane


   Skills:
 + Level 18.1(23.1) Fighting
 + Level 16.5(21.5) Maces & Flails
 - Level 14.3(19.3) Armour
 - Level 14.3(19.3) Shields
 - Level 8.3 Invocations


You had 15 spell levels left.
You didn't know any spells.
Your spell library contained the following spells:

 Spells                   Type           Power      Damage    Failure   Level
 Apportation              Tloc           0%         N/A       50%         1
 Freeze                   Ice            0%         1d3       50%         1
 Magic Dart               Conj           0%         1d3       50%         1
 Pain                     Necr           0%         1d4       50%         1
 Blink                    Tloc           0%         N/A       65%         2
 Scorch                   Fire           0%         2d5       65%         2
 Searing Ray              Conj           0%         2d4       65%         2
 Static Discharge         Conj/Air       0%         N/A       65%         2
 Conjure Flame            Conj/Fire      0%         6-21      86%         3
 Dazzling Flash           Conj/Hex       0%         N/A       86%         3
 Gell's Gravitas          Tloc           0%         N/A       86%         3
 Ignite Poison            Fire/Tmut/Pois 0%         N/A       86%         3
 Lesser Beckoning         Tloc           0%         N/A       86%         3
 Portal Projectile        Hex/Tloc       0%         N/A       86%         3
 Teleport Other           Tloc           0%         N/A       86%         3
 Flame Wave               Conj/Fire      0%         2d4       99%         4
 Fulminant Prism          Conj/Hex       0%         3d6       99%         4
 Leda's Liquefaction      Hex/Erth       0%         N/A       99%         4
 Sticky Flame             Conj/Fire      0%         2d3       99%         4
 Agony                    Necr           0%         N/A       100%        5
 Alistair's Intoxication  Tmut/Pois      0%         N/A       100%        5
 Excruciating Wounds      Necr           0%         N/A       100%        5
 Freezing Cloud           Conj/Ice/Air   0%         6-21      100%        5
 Iskenderun's Battlesphe  Conj           0%         2d6       100%        5
 Lightning Bolt           Conj/Air       0%         1d11      100%        5
 Manifold Assault         Tloc           0%         N/A       100%        5
 Silence                  Hex/Air        0%         N/A       100%        5
 Dispersal                Tloc           0%         N/A       100%        6
 Iron Shot                Conj/Erth      0%         9d1       100%        6
 Maxwell's Capacitive Co  Air            0%         ∞         100%        8
 Polar Vortex             Ice            0%         N/A       100%        9
 Call Canine Familiar     Summ           Unusable   N/A       N/A         3
 Simulacrum               Ice/Necr       Unusable   N/A       N/A         6
 Summon Cactus Giant      Summ           Unusable   N/A       N/A         6
 Spellforged Servitor     Conj/Summ      Unusable   N/A       N/A         7

Dungeon Overview and Level Annotations

Branches:
Dungeon (12/15)            Temple (1/1) D:6            Lair (6/6) D:10
 Shoals (0/4) Lair:2        Snake (4/4) Lair:3        Slime (0/5) Lair:6
    Orc (2/2) D:10            Elf (0/3) Orc:2

Altars:
Ashenzari
Dithmenos
Elyvilon
Fedhas
Gozag
Hepliaklqana
Kikubaaqudgha
Makhleb
Nemelex Xobeh
Okawaru
Qazlal
Ru
Sif Muna
Trog
Uskayaw
Vehumet
Wu Jian
Xom
The Shining One
Beogh

Shops:
D:9 *   D:11 !   Orc:2 (:*?   Snake:3 (

Portals:
Hell: Lair:6
Pandemonium: Orc:2
Bazaar: Orc:2


Innate Abilities, Weirdness & Mutations

You are immune to sickness and miasma.
Your stone body is resilient. (AC +12)
You are immune to poison.
Your large and strong wings let you fly.
You resist negative energy. (rN+)
You are resistant to electric shocks. (rElec)
You are resistant to unholy torment.
You are immune to petrification.
You tend to lose your temper in combat.


Message History

The splash of poison hits you but does no damage.
You resist.
Items here: ( )) †.
Unknown command.
The naga warrior no longer looks unusually strong.
The naga no longer looks unusually strong.
Things that are here:
a +0 halberd; a +0 robe You are too injured to fight recklessly!
You are too injured to fight recklessly!
You are too injured to fight recklessly!
The naga warrior roars a battlecry!
The naga goes into a battle-frenzy!
Things that are here:
a +0 war axe; a naga corpse You hit the salamander mystic.
The salamander mystic is lightly wounded.
You barely miss the naga warrior.
The naga warrior is moderately wounded.
The salamander mystic hits you with a +0 scimitar!!
* * * LOW HITPOINT WARNING * * *
You are engulfed in flames!
You resist.
* * * LOW HITPOINT WARNING * * *
The naga warrior roars a battlecry!
The naga warrior goes into a battle-frenzy!
You block the naga warrior's attack. The naga warrior grabs you.
The naga warrior constricts you.
As you read the scroll of teleportation, it crumbles to dust.
You feel strangely unstable.
The naga warrior hits you with a +0 long sword.
* * * LOW HITPOINT WARNING * * *
The naga warrior constricts you.
The salamander mystic casts a spell at you.
The bolt of magma hits you. You partially resist.
* * * LOW HITPOINT WARNING * * *
The naga warrior's grasp on you weakens, but your attempt to escape fails.
You block the naga warrior's attack. The naga warrior constricts you.
* * * LOW HITPOINT WARNING * * *
The naga warrior hits you with a +0 long sword!!!
You die...

,,,*########,,,,,,*
*,*##......####,,,**
***...........###*,**
*,,.............##*,**
,,,..#######.)...#**,***
,,,,##.....###.N.##**,,**
,,,##........##)N.#****,***
,,##........†.#NN.##,***,,**
,##....###....##@..#,,,***,**
*#....#####.)..#...#*,,,***,**
##...##...##...#...#,,,,,,**,*
#...##.....#...#.).#,,,,,,,,,*
#...#......#...#...#,,,,,,,,**
#...#.........##...#,,,,,,,**
#...##........#...##,,,,,,**
#....#.......##)..#,,,,,,**
##...###....##)..##****,**


You could see 2 naga warriors, a salamander mystic (strong) and a naga (fast,
strong).

Vanquished Creatures
  Vashnia (Snake:3)
  Nikola (Snake:1)
  Jorgrun (Snake:3)
  Gastronok (Lair:1)
  Donald (Snake:4)
  4 nagarajas
  2 orc warlords
  Aizul (Snake:3)
  A dire elephant (Lair:6)
  An ettin (Orc:1)
  4 naga warriors
  4 hydras
  Harold (D:9)
  3 boulder beetles
  2 salamander tyrants
  2 centaur warriors (D:11)
  A demonspawn (Orc:2)
  7 anacondas
  A two-headed ogre (D:11)
  A death knight (D:11)
  The ghost of tsouns the Cleaver, a novice DsCK of Xom (Lair:1)
  2 tengu warriors (D:11)
  8 orc high priests
  7 death yaks
  6 shock serpents
  4 naga sharpshooters (Snake:3)
  A soul eater (Orc:2)
  A sun demon (Lair:6)
  A sixfirhy (Orc:2)
  2 salamander mystics
  3 naga ritualists
  A deep elf archer (Orc:1)
  5 orc knights
  4 deep elf pyromancers
  A wizard (Lair:6)
  2 deep elf zephyrmancers (Orc:1)
  2 mana vipers
  10 orc sorcerers
  An oklob plant (Lair:2)
  A wolf spider (D:11)
  13 salamanders
  Maurice (Orc:2)
  A slime creature (Lair:6)
  4 guardian serpents
  9 naga magi
  32 black mambas
  7 elephants
  A torpor snail (Lair:1)
  A smoke demon (Lair:6)
  17 cane toads
  An unseen horror (D:11)
  Maggie (D:6)
  10 rime drakes
  7 komodo dragons
  3 ice devils (Lair:6)
  2 red devils (Lair:6)
  3 burning bushes (Lair:1)
  5 trolls
  3 meliai (Lair:6)
  2 polar bears
  A queen bee (Lair:6)
  12 blink frogs
  A centaur simulacrum (D:11)
  5 dream sheep (Lair:6)
  3 wyverns
  3 wraiths
  A vampire (D:11)
  34 yaks
  2 basilisks
  A steam dragon (Lair:3)
  Menkaure (D:4)
  18 nagas
  7 wargs
  The ghost of TheNamelessOne the Digger, an amateur OpEE (D:3)
  4 hell hounds (Lair:6)
  2 black bears
  41 orc warriors
  13 water moccasins
  An ice beast (D:5)
  A sky beast (D:8)
  An ogre (shapeshifter) (D:11)
  24 wolves
  15 ogres
  2 centaurs
  Blork the orc (D:4)
  10 bullfrogs
  2 gnoll sergeants (D:9)
  2 scorpions
  2 water moccasin skeletons
  17 killer bees
  An electric eel (Orc:1)
  2 howler monkeys
  6 centaur zombies
  32 orc priests
  5 hounds
  2 centaur skeletons
  3 jellies
  A bullfrog skeleton (D:5)
  2 gnoll shamans (D:9)
  2 iguanas (D:5)
  24 orc wizards
  2 hell rats (Lair:4)
  25 gnolls
  8 adders
  10 river rats (Lair:4)
  A shadow imp (D:6)
  A white imp (D:8)
  An adder skeleton (D:4)
  2 worms (D:2)
  2 dart slugs
  101 orcs
  8 bats
  6 endoplasms
  10 giant cockroaches
  4 hobgoblins
  10 jackals
  10 kobolds
  8 quokkas
  3 training dummies (Snake:3)
  6 ball pythons
  6 frilled lizards
  5 goblins
  10 rats
773 creatures vanquished.

Vanquished Creatures (others)
  A nagaraja (Snake:4)
  A cyclops (D:11)
  A naga (Lair:3)
  3 orcs (Orc:1)
  20 fungi
  18 plants
44 creatures vanquished.

Grand Total: 817 creatures vanquished

Notes
Turn   | Place    | Note
-------+----------+-------------------------------------------
     0 | D:1      | vineage the Gargoyle Fighter began the quest for the Orb.
     0 | D:1      | Reached XP level 1. HP: 14/14 MP: 1/1
    67 | D:1      | Reached XP level 2. HP: 18/20 MP: 2/2
    72 | D:1      | Reached skill level 4 in Fighting
   370 | D:1      | Found a faded altar of an unknown god.
   493 | D:2      | Reached XP level 3. HP: 23/24 MP: 3/3
   791 | D:2      | Reached skill level 5 in Fighting
  1034 | D:2      | Reached XP level 4. HP: 26/31 MP: 4/4
  1294 | D:2      | Got the Grimoire of Flying Snow
  1384 | D:2      | Reached skill level 6 in Fighting
  1386 | D:2      | Reached XP level 5. HP: 25/36 MP: 3/5
  2139 | D:3      | Found a large runed translucent door.
  2139 | D:3      | Found a large runed translucent door.
  2141 | D:3      | Noticed TheNamelessOne's ghost (amateur OpEE)
  2458 | D:3      | Reached skill level 7 in Fighting
  3084 | D:3      | Killed TheNamelessOne's ghost
  3085 | D:3      | Reached XP level 6. HP: 10/44 MP: 3/6
  3515 | D:4      | Reached skill level 8 in Fighting
  3757 | D:4      | Reached XP level 7. HP: 42/50 MP: 4/7
  3926 | D:4      | Noticed Blork the orc
  3944 | D:4      | Killed Blork the orc
  3958 | D:4      | Reached skill level 9 in Fighting
  4313 | D:4      | Noticed Menkaure
  4323 | D:4      | Killed Menkaure
  4595 | D:5      | Entered Level 5 of the Dungeon
  4606 | D:5      | Reached skill level 10 in Fighting
  4638 | D:5      | Reached XP level 8. HP: 50/58 MP: 5/8
  5068 | D:5      | Reached skill level 11 in Fighting
  5310 | D:4      | HP: 2/60 [killer bee (3)]
  6447 | D:6      | Reached XP level 9. HP: 44/65 MP: 5/9
  6566 | D:6      | Found a staircase to the Ecumenical Temple.
  6582 | Temple   | Entered the Ecumenical Temple
  6629 | Temple   | Became a worshipper of Warmaster Okawaru
  6838 | D:6      | Noticed Maggie
  6872 | D:6      | Killed Maggie
  7626 | D:7      | Reached skill level 5 in Shields
  7677 | D:7      | Reached skill level 5 in Armour
  8023 | D:8      | Identified a scroll of acquirement
  8023 | D:8      | Acquired 1142 gold pieces
  8144 | D:8      | Reached * piety under Okawaru
  9313 | D:8      | Reached skill level 5 in Maces & Flails
  9817 | D:9      | Noticed a troll
  9830 | D:9      | Killed a troll
  9831 | D:9      | Reached XP level 10. HP: 69/71 MP: 8/10
 10007 | D:9      | Found Raofiewe's Assorted Antiques.
 10052 | D:9      | Bought a spiked leather armour for 154 gold pieces
 10052 | D:9      | Identified the +5 leather armour of the Vaults {rElec
                  | Dex+2} (You bought it in a shop on level 9 of the Dungeon)
 10052 | D:9      | Bought a transparent short sword for 176 gold pieces
 10052 | D:9      | Identified the +5 short sword of Trog's Inspiration
                  | {vorpal, rF+} (You bought it in a shop on level 9 of the
                  | Dungeon)
 10168 | D:9      | Noticed Harold
 10356 | D:9      | Killed Harold
 10356 | D:9      | Reached ** piety under Okawaru
 11238 | D:9      | Identified the +0 leather armour of the First Snow {Will+}
 11477 | D:9      | Found a white marble altar of Elyvilon.
 11514 | D:10     | Entered Level 10 of the Dungeon
 11527 | D:10     | Found a staircase to the Lair.
 11813 | D:10     | Reached *** piety under Okawaru
 12049 | D:10     | Reached skill level 1 in Invocations
 12373 | D:10     | Found a staircase to the Orcish Mines.
 12923 | D:11     | Found Bacwob's Distillery.
 12978 | D:11     | Reached XP level 11. HP: 67/76 MP: 11/13
 13381 | D:11     | You fall into a shaft and drop 1 floor!
 13381 | D:12     | Noticed a white ugly thing
 13408 | D:12     | Reached **** piety under Okawaru
 13722 | D:11     | Noticed a tengu warrior
 13722 | D:11     | Noticed a cyclops
 13722 | D:11     | Noticed a centaur warrior
 13722 | D:11     | Noticed a wolf spider
 13725 | D:11     | Killed a cyclops
 14446 | D:11     | Noticed a two-headed ogre
 14446 | D:11     | Noticed a deep elf pyromancer
 14480 | D:11     | Killed a deep elf pyromancer
 14611 | D:11     | Killed a two-headed ogre
 14860 | D:11     | Noticed a centaur warrior
 14890 | D:11     | Noticed a death knight
 15145 | D:11     | Killed a death knight
 15146 | D:11     | Reached skill level 5 in Invocations
 15247 | D:11     | Reached ***** piety under Okawaru
 15620 | D:11     | Killed a tengu warrior
 15649 | D:11     | Killed a wolf spider
 15998 | D:11     | Killed a centaur warrior
 16014 | D:11     | Killed a centaur warrior
 16015 | D:11     | Reached skill level 10 in Armour
 16015 | D:11     | Reached skill level 10 in Shields
 16015 | D:11     | Reached XP level 12. HP: 59/81 MP: 14/16
 16360 | D:11     | Identified the ring of Duxeimue {rF+ rC+ Will+}
 16364 | D:11     | Identified the +7 morningstar of Lohygg {vamp, Fragile rC++
                  | rN+}
 16388 | D:11     | Found a runed translucent door.
 16389 | D:11     | Found a runed translucent door.
 16389 | D:11     | Noticed a tengu warrior
 16399 | D:11     | Killed a tengu warrior
 16547 | Lair:1   | Entered Level 1 of the Lair of Beasts
 16769 | Lair:1   | Identified the +1 kite shield of the Imp {Int+3} (Okawaru
                  | gifted it to you on level 1 of the Lair of Beasts)
 16769 | Lair:1   | Received a gift from Okawaru
 16959 | Lair:1   | Found a runed translucent gate.
 16959 | Lair:1   | Found a runed translucent gate.
 16959 | Lair:1   | Found a runed translucent gate.
 16963 | Lair:1   | Noticed tsouns's ghost (novice DsCK)
 17222 | Lair:1   | Noticed Gastronok
 17237 | Lair:1   | Killed Gastronok
 17237 | Lair:1   | Reached ****** piety under Okawaru
 17395 | Lair:1   | Noticed a death yak
 17411 | Lair:1   | Killed a death yak
 17412 | Lair:1   | Reached skill level 10 in Maces & Flails
 17463 | Lair:1   | Identified the +1 leather armour "Jogu" {*Slow +Blink rC+
                  | Slay+6}
 17548 | Lair:1   | Killed tsouns's ghost
 18129 | Lair:2   | Found a hazy altar of Hepliaklqana.
 18268 | Lair:2   | Found a staircase to the Shoals.
 18276 | Lair:2   | Reached XP level 13. HP: 84/85 MP: 19/19
 18819 | Lair:3   | Reached skill level 12 in Fighting
 18838 | Lair:3   | Found a staircase to the Snake Pit.
 19471 | Lair:3   | Received a gift from Okawaru
 19685 | Lair:3   | Acquired 807 gold pieces
 21655 | Lair:6   | Entered Level 6 of the Lair of Beasts
 22016 | Lair:6   | Reached skill level 13 in Fighting
 22121 | Lair:6   | Received a gift from Okawaru
 22122 | Lair:6   | Gained mutation: Your large and strong wings let you fly.
                  | [Gargoyle growth]
 22122 | Lair:6   | Reached XP level 14. HP: 94/94 MP: 20/20
 22306 | Lair:6   | Found a burning altar of Makhleb.
 22732 | Lair:6   | Found a gateway to Hell.
 22739 | Lair:6   | Identified the +7 mace "Pocvukla" {spect, rF+ Will+ Int+2}
 23227 | Lair:6   | Found an ornate altar of the Wu Jian Council.
 23227 | Lair:6   | Found a hide-covered altar of Uskayaw.
 23309 | Lair:6   | Identified the +9 quarterstaff "Fuonwest" {drain, rN+ Will-
                  | Int-4 Dex+3} (Okawaru gifted it to you on level 6 of the
                  | Lair of Beasts)
 23309 | Lair:6   | Received a gift from Okawaru
 23797 | Lair:6   | Found a staircase to the Slime Pits.
 23828 | Lair:6   | Reached skill level 14 in Fighting
 24013 | Lair:6   | Noticed a dire elephant
 24028 | Lair:6   | Killed a dire elephant
 24178 | Lair:6   | Acquired 269 gold pieces
 24331 | Orc:1    | Entered Level 1 of the Orcish Mines
 24448 | Orc:1    | Noticed an orc warlord
 24551 | D:10     | Killed an orc warlord
 24770 | Orc:1    | Reached XP level 15. HP: 89/100 MP: 21/21
 24859 | Orc:1    | Identified the +6 mace "Nianwaeth" {freeze, Fragile rF++
                  | Str+3 Int+4} (Okawaru gifted it to you on level 1 of the
                  | Orcish Mines)
 24859 | Orc:1    | Received a gift from Okawaru
 24909 | Orc:1    | Noticed an orc warlord
 24927 | Orc:1    | Killed an orc warlord
 25288 | Orc:2    | Entered Level 2 of the Orcish Mines
 25618 | Orc:2    | Found Lureraij's Magic Scroll Boutique.
 25662 | Orc:2    | Found Ebadit's General Store.
 25766 | Orc:2    | Bought the +0 scale mail of Fallacy {rN+ Dex+5} for 334
                  | gold pieces
 25834 | Orc:2    | Noticed Maurice
 25866 | Orc:2    | Killed Maurice
 25941 | Orc:2    | Found a staircase to the Elven Halls.
 25954 | Orc:2    | Found a flickering gateway to a bazaar.
 26112 | Orc:2    | Reached skill level 15 in Fighting
 26151 | Orc:2    | Received a gift from Okawaru
 26235 | Orc:2    | Gained mutation: You tend to lose your temper in combat. [a
                  | neqoxec]
 26347 | Orc:2    | Found Qeimiv's Book Shoppe.
 26347 | Orc:2    | Found Oniggash's Antique Weapon Emporium.
 26348 | Orc:2    | Found a one-way gate leading to the halls of Pandemonium.
 26556 | Snake:1  | Entered Level 1 of the Snake Pit
 27511 | Snake:1  | Reached skill level 16 in Fighting
 27817 | Snake:1  | You are sucked into a shaft and drop 1 floor!
 27832 | Snake:2  | Received a gift from Okawaru
 27839 | Snake:2  | Reached XP level 16. HP: 110/110 MP: 22/22
 28356 | Snake:2  | Reached skill level 15 in Maces & Flails
 28844 | Snake:1  | Noticed Nikola
 28869 | Snake:1  | Killed Nikola
 29469 | Snake:2  | Noticed a nagaraja
 29479 | Snake:2  | Killed a nagaraja
 30251 | Snake:3  | Reached skill level 17 in Fighting
 30302 | Snake:3  | Noticed Jorgrun
 30316 | Snake:3  | Killed Jorgrun
 30342 | Snake:3  | Noticed Vashnia
 30363 | Snake:3  | Killed Vashnia
 30518 | Snake:3  | Noticed Aizul
 30530 | Snake:3  | Received a gift from Okawaru
 30546 | Snake:3  | Killed Aizul
 30560 | Snake:3  | Found a radiant altar of Vehumet.
 30758 | Snake:3  | Found Joasch's Firing Range.
 30853 | Snake:4  | Entered Level 4 of the Snake Pit
 30890 | Snake:4  | Noticed a nagaraja
 30898 | Snake:4  | Noticed a nagaraja
 30925 | Snake:4  | Killed a nagaraja
 30927 | Snake:4  | Noticed a nagaraja
 30947 | Snake:4  | Noticed a nagaraja
 30949 | Snake:4  | Noticed Donald
 30958 | Snake:4  | Killed Donald
 31037 | Snake:4  | Noticed a nagaraja
 31045 | Snake:4  | Noticed a nagaraja
 31052 | Snake:4  | Killed a nagaraja
 31070 | Snake:4  | Killed a nagaraja
 31071 | Snake:4  | Reached skill level 18 in Fighting
 31084 | Snake:4  | Noticed a nagaraja
 31096 | Snake:4  | Killed a nagaraja
 31238 | Snake:4  | HP: 4/114 [constriction (4)]
 31238 | Snake:4  | Annihilated by a naga warrior

Illustrated notes

Levels and vault maps discovered:
D:1:      amcnicky_arrival_single_pillar, layout_rooms,
          hellmonk_ecumenical_altar_heavens_door
D:2:      minmay_diamond_boxcup, layout_basic, hangedman_abyss_or_decor_stabs,
          minmay_joined_circles
D:3:      layout_basic, ebering_ghost_disaster_area, kennysheep_generic_room_15
D:4:      layout_basic, uniq_menkaure, uniq_blork_the_orc
D:5:      layout_cave_pools
D:6:      layout_basic, minmay_temple_entry_ruins,
          amcnicky_mini_corridor_feature, uniq_maggie
D:7:      layout_loops_cross
D:8:      layout_loops_ring
D:9:      layout_cave_pools, nicolae_elyvilon_temple_path, serial_gnoll_camp,
          gnoll_camp_medium_01, gnoll_camp_mini_shop, gnoll_camp_mini_loothouse,
          gnoll_camp_medium_02, gnoll_camp_mini_doghouse, uniq_harold
D:10:     layout_basic, lair_entry_dummy, minmay_orc_entry_temple_small,
          serial_glass, glass_columns_a, glass_columns_a
D:11:     minmay_the_grid_triangle_9x9_rhombus_thin
          [minmay_the_grid_triangle_9x9_sparse_checkered,
          minmay_the_grid_triangle_9x9_prize_insulated,
          minmay_the_grid_triangle_9x9_thin_v,
          minmay_the_grid_triangle_9x9_tough_junction], layout_cave_pools,
          serial_shops, nicolae_stop_n_shop_2
D:12:     layout_loops_ring
Temple:   regret_index_temple_sigil_plot
Lair:1:   layout_chaotic_city, ebering_ghost_rock_garden, evilmike_ambush
          [evilmike_ambush_outer_basic, evilmike_ambush_inner_basic],
          lemuel_fruit_tree, infiniplex_staircase_pool_2, uniq_gastronok
Lair:2:   layout_cave_shapes, elwin_shoals_entry_rocks, minivault_24,
          lemuel_oklob_altar
Lair:3:   layout_loops_ring, guppyfry_snake_entry_island,
          infiniplex_staircase_pool
Lair:4:   layout_concentric_octagons, kennysheep_rathole, grunt_megastairs_2
Lair:5:   layout_cave_pods, chequers_serial_rivers_micro_b
Lair:6:   evil_forest, layout_loops_ring, minmay_slime_entry_pillars,
          special_room [special_room_bee], nzn_masters_of_martial_movement
Snake:1:  layout_grid_maze, evilmike_ambush [evilmike_ambush_outer_pillars,
          evilmike_ambush_inner_pond], serial_bayou_shore_b, uniq_nikola
Snake:2:  layout_layer_cave, st_stairs_8
Snake:3:  layout_rooms, basic_altar, nicolae_shop_firing_range, uniq_jorgrun,
          uniq_aizul, uniq_vashnia
Snake:4:  grunt_snake_rune_spirals, layout_onion, serial_shops, bzr_entry_safe,
          uniq_donald
Orc:1:    layout_caves, nicolae_orc_flooded_monolith, nicolae_orc_stony_grotto,
          elf_legates
Orc:2:    pf_orc_diabolical, layout_caves, serial_shops, bzr_entry_islet,
          uniq_maurice

Skill      XL: |  1  2  3  4  5  6  7  8  9 10 11 12 13 14 15 16 |
---------------+-------------------------------------------------+-----
Fighting       | 4 5 6 7 8 10 11 13 14 16 18 | 18.1
Armour         | 4 6 8 10 11 12 14 | 14.3
Shields        | 4 6 8 10 11 12 14 | 14.3
Maces & Flails | 5 7 9 10 11 12 14 16 | 16.5
Invocations    | 2 5 8 |  8.3

Action                   |  1- 3 |  4- 6 |  7- 9 | 10-12 | 13-15 | 16-18 || total
-------------------------+-------+-------+-------+-------+-------+-------++-------
Melee: Flail             |   125 |    24 |       |       |       |       ||   149
       Whip              |       |   185 |   263 |       |       |       ||   448
       Mace              |       |       |   274 |   908 |       |       ||  1182
       Morningstar       |       |       |       |   206 |  1678 |   483 ||  2367
Invok: Heroism           |       |       |     3 |    19 |    19 |     9 ||    50
       Finesse           |       |       |       |     1 |     6 |     4 ||    11
  Use: Scroll            |     5 |     2 |    11 |    12 |     5 |     3 ||    38
       Potion            |       |     1 |     4 |     2 |     1 |     2 ||    10
 Stab: Sleeping          |       |       |       |     2 |     2 |     1 ||     5
Armor: Scale mail        |    75 |    43 |       |       |    72 |   118 ||   308
       Plate armour      |       |    67 |   406 |       |       |       ||   473
       Swamp dragon scal |       |       |   166 |    24 |       |       ||   190
       Leather armour    |       |       |       |   766 |   535 |       ||  1301
       Skin              |       |       |       |     2 |       |       ||     2
Dodge: Dodged            |    63 |    71 |   149 |   434 |   473 |    90 ||  1280
       Repelled          |       |       |       |       |     6 |    17 ||    23
Block: Buckler           |    34 |    31 |    16 |       |       |       ||    81
       Kite shield       |       |       |   263 |   828 |  1805 |   440 ||  3336
       Reflection        |       |       |       |     3 |    44 |    47 ||    94

Table legend: (Time is in decaauts)
 A = Elapsed time spent in this place.
 B = Non-inter-level travel time spent in this place.
 C = Inter-level travel time spent in this place.
 D = Time resting spent in this place.
 E = Time spent auto-exploring this place.
 F = Levels seen in this place.
 G = Mean time per level.
                   A        B        C        D        E       F      G
               +--------+--------+--------+--------+--------+-----+--------+
         Total |  31094 |  29753 |   1341 |   6578 |  16550 |  25 | 1243.8 |
       Dungeon |  16929 |  16117 |    812 |   4266 |   8459 |  12 | 1410.8 |
        Temple |     75 |     42 |     33 |      0 |     31 |   1 |   75.0 |
          Lair |   8512 |   8235 |    277 |   1968 |   4505 |   6 | 1418.7 |
     Snake Pit |   3738 |   3564 |    174 |    344 |   2484 |   4 |  934.5 |
  Orcish Mines |   1838 |   1794 |     44 |      0 |   1071 |   2 |  919.0 |
               +--------+--------+--------+--------+--------+-----+--------+

Top non-repeatable levels by time:
    D:11: 2904 daAuts
  Lair:6: 2468 daAuts
     D:4: 2038 daAuts
     D:8: 1876 daAuts
     D:9: 1765 daAuts
    D:10: 1675 daAuts
  Lair:3: 1620 daAuts
     D:2: 1616 daAuts
 Snake:2: 1454 daAuts
  Lair:2: 1388 daAuts
     D:3: 1285 daAuts
 Snake:1: 1281 daAuts
  Lair:1: 1258 daAuts
     D:5: 973 daAuts
   Orc:2: 968 daAuts
